 Dungeon Crawl Stone Soup version 0.30-a0-3-gc9032a9cac (webtiles) character file.

Game seed: 14282617573671734897

65 BritishOli the Trooper (level 3, -1/29 HPs)
             Began as a Demonspawn Fighter on Aug 20, 2022.
             Succumbed to an adder's poison
             ... on level 3 of the Dungeon.
             The game lasted 00:01:40 (2067 turns).

BritishOli the Trooper (Demonspawn Fighter)         Turns: 2067, Time: 00:01:40

Health: -1/29      AC:  6    Str: 17 (18) XL:     3   Next: 92%
Magic:  3/3        EV:  9    Int:  7 (9)  God:
Gold:   125        SH:  4    Dex: 10 (12) Spells: 2/2 levels left

rFire   . . .      SeeInvis .    a - +0 long sword
rCold   . . .      Faith    .    c - +0 buckler
rNeg    . . .      Spirit   .    b - +0 scale mail
rPois   .          Reflect  .    (no helmet)
rElec   .          Harm     .    (no cloak)
rCorr   .          Rampage  .    (no gloves)
Will    .....                    (no boots)
Stlth   ..........               (no amulet)
HPRegen 0.09/turn                (no ring)
MPRegen 0.08/turn                (no ring)

@: lethally poisoned (-1 -> -8)
A: claws 1
a: no special abilities


You were on level 3 of the Dungeon.
You visited 1 branch of the dungeon, and saw 3 of its levels.

You collected 125 gold pieces.

Inventory:

Hand Weapons
 a - a +0 long sword (weapon)
Armour
 b - a +0 scale mail (worn)
 c - a +0 buckler (worn)
Wands
 n - a wand of polymorph (10)
Scrolls
 g - a scroll of teleportation {unknown}
 h - a scroll of butterflies {unknown}
 i - 2 scrolls of poison {unknown}
 l - 3 scrolls of identify {unknown}
 o - a scroll of enchant armour {unknown}
 q - a scroll of amnesia {unknown}
 r - a scroll of immolation {unknown}
Potions
 d - a potion of might
 e - 2 potions of degeneration
 f - a potion of lignification {unknown}
 j - a potion of berserk rage {unknown}
 k - a potion of curing {unknown}
 m - 2 potions of brilliance {unknown}
 p - 2 potions of attraction {unknown}


   Skills:
 + Level 3.5 Fighting
 + Level 2.4 Long Blades
 + Level 3.1 Armour
 + Level 3.2 Shields


You had 2 spell levels left.
You didn't know any spells.
Your spell library was empty.

Dungeon Overview and Level Annotations

Branches:
Dungeon (3/15)

Altars:

Shops:
D:1 *(   D:2 :


Innate Abilities, Weirdness & Mutations

You have sharp fingernails.


Message History

The white imp gestures at you.
The puff of frost hits you but does no damage.
You closely miss the white imp.
The white imp is heavily wounded.
You block the white imp's attack.
You closely miss the white imp.
The white imp is heavily wounded.
The white imp hits you but does no damage.
The white imp closely misses you.
You closely miss the white imp.
The white imp is heavily wounded.
The white imp hits you but does no damage.
You hit the white imp.
The white imp is almost dead.
An adder comes into view.
The white imp gestures at you. The puff of frost hits you.
* * * LOW HITPOINT WARNING * * *
You closely miss the white imp.
The white imp is severely wounded.
The adder hisses angrily.
The white imp gestures at you. The puff of frost hits you.
* * * LOW HITPOINT WARNING * * *
The white imp gestures at you. The puff of frost misses you.
You barely miss the white imp.
The white imp is severely wounded.
The white imp hits you but does no damage.
You barely miss the white imp.
The white imp is severely wounded.
The adder bites you but does no damage. The white imp barely misses you.
The adder bites you.
* * * LOW HITPOINT WARNING * * *
You are lethally poisoned!
The adder poisons you!
It was a potion of degeneration.
There was something very wrong with that liquid.
You feel weakened.
You feel dopey.
You feel clumsy.
You die...

#. ## #. ... #. #$# ..
##.### .... #. #....
...... #. #..# #.....
##..##S###..# #....
......5@...)# #..#
..#.##.###..###..## ..
...............## ...
#.##.............##...
# #......(.$.........
#.####............# #.
######........ #.
#..#..### #........


You could see an adder and a white imp.

Vanquished Creatures
  Jessica (D:3)
  A worm (D:3)
  5 endoplasms
  A giant cockroach (D:2)
  3 goblins (D:1)
  4 hobgoblins
  3 kobolds
  2 quokkas (D:1)
  4 ball pythons
  5 bats
  A frilled lizard (D:1)
  3 rats
33 creatures vanquished.

Notes
Turn   | Place    | Note
-------+----------+-------------------------------------------
     0 | D:1      | BritishOli the Demonspawn Fighter began the quest for the
                  | Orb.
     0 | D:1      | Reached XP level 1. HP: 18/18 MP: 1/1
   162 | D:1      | Gained mutation: You have sharp fingernails. [demonic
                  | ancestry]
   162 | D:1      | Reached XP level 2. HP: 16/24 MP: 2/2
   276 | D:1      | Found Qevani's Weapon Shop.
   667 | D:1      | Found Bazumm's Assorted Antiques.
  1298 | D:2      | Reached XP level 3. HP: 28/29 MP: 3/3
  1422 | D:2      | Found a faded altar of an unknown god.
  1459 | D:2      | Found Furghuac's Book Boutique.
  2031 | D:3      | Noticed Jessica
  2039 | D:3      | Killed Jessica
  2064 | D:3      | HP: 1/29 [white imp/puff of frost (3)]
  2067 | D:3      | Succumbed to an adder's poison

Illustrated notes

Levels and vault maps discovered:
D:1:      elethiomel_arrival_infinity_welcomes_careful_drivers, layout_rooms,
          serial_shops, nicolae_shop_trees, nicolae_lakefront_shop,
          minmay_hedge_maze, dreamdust_mushroom_princess
D:2:      layout_basic, nicolae_ecumenical_pavilion, serial_shops,
          shop_fountains, kennysheep_generic_room_16
D:3:      layout_basic, mainiacjoe_overflow_alcove_4, uniq_jessica

Skill      XL: |  1  2 |
---------------+-------+-----
Long Blades    | 2 |  2.4
Armour         | 3 |  3.1
Shields        | 3 |  3.2
Fighting       | |  3.5

Action                   || total
-------------------------++-------
Melee: Long sword        ||   241
  Use: Potion            ||     1
Armor: Scale mail        ||    65
Dodge: Dodged            ||    46
Block: Buckler           ||    30

Table legend: (Time is in decaauts)
 A = Elapsed time spent in this place.
 B = Non-inter-level travel time spent in this place.
 C = Inter-level travel time spent in this place.
 D = Time resting spent in this place.
 E = Time spent auto-exploring this place.
 F = Levels seen in this place.
 G = Mean time per level.
                   A        B        C        D        E       F      G
               +--------+--------+--------+--------+--------+-----+--------+
         Total |   2148 |   2105 |     43 |      0 |   1626 |   3 |  716.0 |
       Dungeon |   2148 |   2105 |     43 |      0 |   1626 |   3 |  716.0 |
               +--------+--------+--------+--------+--------+-----+--------+

Top non-repeatable levels by time:
     D:1: 1185 daAuts
     D:2: 799 daAuts
     D:3: 163 daAuts
